Red Wings vs Wild
(R1)
Created - 22 octobre 2013 at 19:07
Goals
|
| Red Wings |
1 |
0 |
2 |
3 |
| Wild |
2 |
1 |
4 |
7 |
|
Shots
|
| Red Wings |
16 |
10 |
5 |
31 |
| Wild |
8 |
5 |
14 |
27 |
|
1st period
1. Wild , Vaclav Prospal 1 (Mike Green, Martin Brodeur) at 8:52
2. Wild , Jozef Stumpel 1 (Chris Drury) at 15:21 (PP)
3. Red Wings , Glen Murray 1 (Mike Richards) at 17:32
Penalties :
Maxim Kondratiev (Det) for Tripping (Minor) at 15:19
2nd period
4. Wild , Rod Brind'Amour 1 (Niclas Wallin) at 9:35
Penalties :
Christian Laflamme (Det) for Holding (Minor) at 3:42, Brian Rolston (Min) for Roughing (Minor) at 10:48, Kim Johnsson (Det) for Slashing (Minor) at 10:48, Jozef Stumpel (Min) for Holding (Minor) at 13:39
3rd period
5. Wild , Alexei Kovalev 1 (Chris Drury, Mike Green) at 0:30
6. Red Wings , Martin Havlat 1 (Jason Spezza) at 1:20 (PP)
7. Wild , Vaclav Prospal 2 (R.J. Umberger, Niclas Wallin) at 11:29
8. Wild , Jozef Stumpel 2 (Chris Drury, Alexei Kovalev) at 12:34 (PP)
9. Red Wings , Jason Spezza 1 (Martin Havlat, Rick Nash) at 19:10 (PP)
10. Wild , Vaclav Prospal 3 (R.J. Umberger) at 19:43
Penalties :
Nathan Dempsey (Min) for Tripping (Minor) at 1:18, Shea Weber (Det) for Hooking (Minor) at 2:29, Rick Nash (Det) for Hooking (Minor) at 12:22, Jozef Stumpel (Min) for Holding (Minor) at 16:49, Vaclav Prospal (Min) for Interference (Minor) at 19:02, Jozef Stumpel (Min) for Fighting (Major) at 19:44, Martin Havlat (Det) for Fighting (Major) at 19:44, Jozef Stumpel (Min) for instigated a fight (Minor) at 19:44, Jozef Stumpel (Min) for instigated a fight (10 Minutes Misconduct) at 19:44
Goalie Stats
Jonathan Quick (Det), 10 saves from 14 shots - (0,714), L, 0-1-0, 40:30 minutes
Robert Esche (Det), 10 saves from 13 shots - (0,769), 19:30 minutes
Martin Brodeur (Min), 28 saves from 31 shots - (0,903), W, 1-0-0, 60:00 minutes
Players Stats for Red Wings
Player Name G A P +/- PIM S H SB GA TA FO MP PP MP PK MP
------------------------------------------------------------------------------------
Alex Picard 0 0 0 -1 0 0 2 0 0 0 0/0 8:03 0:00 0:40
Brian Sutherby 0 0 0 -1 0 1 0 0 0 0 2/3 8:21 0:00 0:58
Christian Backman 0 0 0 -1 0 0 0 1 0 1 0/0 13:30 0:00 1:16
Christian Laflamme 0 0 0 -1 2 1 0 0 0 1 0/0 13:59 0:00 0:43
Glen Murray 1 0 1 -1 0 4 3 1 1 0 0/1 16:39 2:03 0:00
Jason Spezza 1 1 2 -1 0 1 1 0 1 0 18/36 21:51 2:20 2:27
Kim Johnsson 0 0 0 -3 2 2 1 3 3 0 0/0 27:00 2:36 1:25
Lubos Bartecko 0 0 0 -1 0 2 1 0 1 0 0/0 7:23 0:00 0:00
Martin Havlat 1 1 2 -1 5 6 3 0 1 0 0/2 19:48 2:05 2:15
Maxim Kondratiev 0 0 0 0 2 2 2 2 0 0 0/0 19:46 1:47 2:38
Mike Richards 0 1 1 -1 0 3 1 0 0 0 10/16 17:06 2:03 0:00
Nathan Horton 0 0 0 -1 0 2 3 0 0 1 0/1 11:04 0:00 0:00
Paul Martin 0 0 0 -3 0 0 3 3 2 0 0/0 28:12 2:36 0:58
Peter Schaefer 0 0 0 -1 0 0 2 0 0 0 0/0 10:47 0:00 0:00
Rick Nash 0 1 1 -1 2 2 3 0 1 0 2/2 21:16 2:20 1:02
Sean Bergenheim 0 0 0 -1 0 3 0 1 1 0 0/0 17:06 2:03 0:00
Shawn Horcoff 0 0 0 -1 0 1 1 1 0 0 3/5 13:12 0:15 1:02
Shea Weber 0 0 0 0 2 1 1 3 0 0 0/0 18:40 1:47 1:24
Players Stats for Wild
Player Name G A P +/- PIM S H SB GA TA FO MP PP MP PK MP
------------------------------------------------------------------------------------
Alexander Perezhogin 0 0 0 0 0 0 1 0 0 0 0/0 8:22 0:00 0:00
Alexei Kovalev 1 1 2 1 0 2 0 0 0 1 0/0 18:34 2:20 0:00
Anson Carter 0 0 0 1 0 1 5 0 0 0 2/2 15:43 1:46 0:00
Brian Rolston 0 0 0 2 2 0 1 0 0 0 1/1 13:08 0:00 1:53
Chris Drury 0 3 3 1 0 1 2 0 0 0 20/38 21:59 2:20 2:42
Chris Higgins 0 0 0 2 0 1 0 0 0 0 1/2 13:33 0:09 1:58
Fedor Tyutin 0 0 0 2 0 1 2 1 0 0 0/0 20:06 1:33 1:28
Fredrik Modin 0 0 0 0 0 1 0 0 0 0 0/0 8:56 0:00 0:24
Glen Metropolit 0 0 0 0 0 4 0 0 0 1 1/4 9:52 0:00 1:30
Jozef Stumpel 2 0 2 1 21 5 1 1 0 2 1/4 19:44 2:23 0:10
Mark Eaton 0 0 0 2 0 1 1 1 0 2 0/0 20:06 1:33 1:28
Mike Green 0 2 2 1 0 0 2 1 0 2 0/0 28:22 2:39 2:55
Nathan Dempsey 0 0 0 1 2 2 3 2 0 1 0/0 28:19 2:39 2:53
Niclas Wallin 0 2 2 1 0 0 1 2 0 0 0/0 11:32 0:00 0:00
R.J. Umberger 0 2 2 1 0 4 1 0 1 1 0/0 15:43 1:46 0:00
Rod Brind'Amour 1 0 1 2 0 1 1 0 2 0 1/3 11:44 0:06 0:09
Shane Hnidy 0 0 0 1 0 0 0 2 0 1 0/0 11:34 0:00 0:02
Vaclav Prospal 3 0 3 1 2 3 4 0 0 0 4/12 16:15 1:46 0:00
3 Stars
1 - Vaclav Prospal (Min)
2 - Chris Drury (Min)
3 - Alexei Kovalev (Min)
Power Play
Red Wings - 2 on 5 Attempt(s) - 40,00%
Wild - 2 on 4 Attempt(s) - 50,00%
Penalty Kill
Red Wings - 2 on 4 Attempt(s) - 50,00%
- Score 0 goal in Penalty Kill
Wild - 3 on 5 Attempt(s) - 60,00%
- Score 0 goal in Penalty Kill
Official
Referees : Charron Francis and StLaurent Francois
Linesman : Brad Kovachik and Vaughan Rody
Game Notes
Robert Esche enters game at 0:30 of 3rd period
Vaclav Prospal has scored a Hat Trick!
Jozef Stumpel and Martin Havlat fight to a draw at 19:44 of 3rd period
Finance
Level 1 -- Attendance: 3338 (55,63%) -- Ticket Income 417 250 $
Level 2 -- Attendance: 2715 (54,30%) -- Ticket Income 203 625 $
Level 3 -- Attendance: 939 (46,95%) -- Ticket Income 46 950 $
Level 4 -- Attendance: 1600 (40,00%) -- Ticket Income 64 000 $
Luxury Box -- Attendance: 582 (58,20%) -- Ticket Income 145 500 $
Game was played at the Forest Center
Total Attendance: 9174 (50,97%)
Total Ticket Income: 877 325 $
Other Income: 87 732 $
Total Income: 965 057 $
Red Wings
5 vs 5 Forward
Center Left Wing Right Wing Time % Phy DF OF
1 Jason Spezza Rick Nash Martin Havlat 40 1 2 2
2 Mike Richards Sean Bergenheim Glen Murray 33 1 2 2
3 Shawn Horcoff Peter Schaefer Nathan Horton 23 1 2 2
4 Brian Sutherby Alex Picard Lubos Bartecko 4 1 3 1
5 vs 5 Defense
Defense Defense Time % Phy DF OF
1 Kim Johnsson Paul Martin 40 1 2 2
2 Shea Weber Maxim Kondratiev 30 1 2 2
3 Christian Laflamme Christian Backman 20 0 3 2
4 Kim Johnsson Paul Martin 10 1 2 2
PowerPlay Forward
Center Left Wing Right Wing Time % Phy DF OF
1 Jason Spezza Rick Nash Martin Havlat 55 0 1 4
2 Mike Richards Sean Bergenheim Glen Murray 45 0 1 4
PowerPlay Defense
Defense Defense Time % Phy DF OF
1 Kim Johnsson Paul Martin 70 0 2 3
2 Shea Weber Maxim Kondratiev 30 0 2 3
Penalty Kill 4 Players Forward
Center Wing Time % Phy DF OF
1 Jason Spezza Martin Havlat 60 0 3 2
2 Shawn Horcoff Rick Nash 40 0 3 2
Penalty Kill 4 Players Defense
Defense Defense Time % Phy DF OF
1 Shea Weber Maxim Kondratiev 60 0 3 2
2 Kim Johnsson Christian Laflamme 40 0 3 2
Penalty Kill - 3 Players Forward
Forward Time % Phy DF OF
1 Jason Spezza 60 1 3 1
2 Shawn Horcoff 40 1 3 1
Penalty Kill - 3 Players Defense
Defense Defense Time % Phy DF OF
1 Shea Weber Maxim Kondratiev 60 1 3 1
2 Kim Johnsson Christian Laflamme 40 1 3 1
4 vs 4 Forward
Center Wing Time % Phy DF OF
1 Jason Spezza Rick Nash 60 0 2 3
2 Mike Richards Sean Bergenheim 40 0 2 3
4 vs 4 Defense
Defense Defense Time % Phy DF OF
1 Kim Johnsson Paul Martin 60 0 2 3
2 Shea Weber Maxim Kondratiev 40 0 2 3
Last Minutes Offensive
Center Left Wing Right Wing Defense Defense
Jason Spezza Rick Nash Martin Havlat Kim Johnsson Shea Weber
Last Minutes Defensive
Center Left Wing Right Wing Defense Defense
Jason Spezza Rick Nash Martin Havlat Shea Weber Maxim Kondratiev
Goaltenders
Starting : Jonathan Quick
Backup : Robert Esche
Extra Forwards
Normal : Shawn Horcoff, Nathan Horton, Brian Sutherby - PP : Shawn Horcoff, Nathan Horton - PK : Brian Sutherby
Extra Defensemen
Normal : Christian Laflamme, Christian Backman, Shea Weber - PP : Christian Laflamme - PK : Paul Martin, Christian Backman
Penalty Shots
Shawn Horcoff, Martin Havlat, Rick Nash, Nathan Horton, Glen Murray
Wild
5 vs 5 Forward
Center Left Wing Right Wing Time % Phy DF OF
1 Chris Drury Jozef Stumpel Alexei Kovalev 40 1 2 2
2 Vaclav Prospal R.J. Umberger Anson Carter 30 1 2 2
3 Rod Brind'Amour Chris Higgins Brian Rolston 20 1 2 2
4 Glen Metropolit Fredrik Modin Alexander Perezhogin 10 1 2 2
5 vs 5 Defense
Defense Defense Time % Phy DF OF
1 Mike Green Nathan Dempsey 40 1 2 2
2 Fedor Tyutin Mark Eaton 30 1 2 2
3 Niclas Wallin Shane Hnidy 20 1 2 2
4 Mike Green Nathan Dempsey 10 1 2 2
PowerPlay Forward
Center Left Wing Right Wing Time % Phy DF OF
1 Chris Drury Jozef Stumpel Alexei Kovalev 60 1 2 2
2 Vaclav Prospal R.J. Umberger Anson Carter 40 1 2 2
PowerPlay Defense
Defense Defense Time % Phy DF OF
1 Mike Green Nathan Dempsey 60 1 2 2
2 Fedor Tyutin Mark Eaton 40 1 2 2
Penalty Kill 4 Players Forward
Center Wing Time % Phy DF OF
1 Chris Drury Jozef Stumpel 60 1 2 2
2 Vaclav Prospal Alexei Kovalev 40 1 2 2
Penalty Kill 4 Players Defense
Defense Defense Time % Phy DF OF
1 Mike Green Nathan Dempsey 60 1 2 2
2 Fedor Tyutin Mark Eaton 40 1 2 2
Penalty Kill - 3 Players Forward
Forward Time % Phy DF OF
1 Chris Drury 60 1 2 2
2 Jozef Stumpel 40 1 2 2
Penalty Kill - 3 Players Defense
Defense Defense Time % Phy DF OF
1 Mike Green Nathan Dempsey 60 1 2 2
2 Fedor Tyutin Mark Eaton 40 1 2 2
4 vs 4 Forward
Center Wing Time % Phy DF OF
1 Chris Drury Jozef Stumpel 60 1 2 2
2 Vaclav Prospal Alexei Kovalev 40 1 2 2
4 vs 4 Defense
Defense Defense Time % Phy DF OF
1 Mike Green Nathan Dempsey 60 1 2 2
2 Fedor Tyutin Mark Eaton 40 1 2 2
Last Minutes Offensive
Center Left Wing Right Wing Defense Defense
Chris Drury Jozef Stumpel Alexei Kovalev Mike Green Nathan Dempsey
Last Minutes Defensive
Center Left Wing Right Wing Defense Defense
Chris Drury Jozef Stumpel Alexei Kovalev Mike Green Nathan Dempsey
Goaltenders
Starting : Martin Brodeur
Backup : Jamie Storr
Extra Forwards
Normal : Chris Higgins, Rod Brind'Amour, Brian Rolston - PP : Chris Higgins, Rod Brind'Amour - PK : Brian Rolston
Extra Defensemen
Normal : Niclas Wallin, Shane Hnidy, Fedor Tyutin - PP : Niclas Wallin - PK : Shane Hnidy, Fedor Tyutin
Penalty Shots
Chris Drury, Jozef Stumpel, Vaclav Prospal, Alexei Kovalev, R.J. Umberger
% Time on Ice - Red Wings
Lines # - Real PCT - Wanted PCT - Time Play
Normal Forward
1 - 32% - 40% - 15:49
2 - 31% - 33% - 15:27
3 - 22% - 23% - 10:47
4 - 15% - 4% - 7:23
Normal Defense
1 - 40% - 40% - 20:01
2 - 33% - 30% - 16:24
3 - 22% - 20% - 10:49
4 - 4% - 10% - 2:12
PP Forward
1 - 53% - 55% - 2:20
2 - 47% - 45% - 2:03
PP Defense
1 - 59% - 70% - 2:36
2 - 41% - 30% - 1:47
PK Forward
1 - 75% - 60% - 3:10
2 - 25% - 40% - 1:02
PK Defense
1 - 63% - 60% - 2:40
2 - 37% - 40% - 1:32
PK3 Forward
1 - 0% - 60%
2 - 0% - 40%
PK3 Defense
1 - 0% - 60%
2 - 0% - 40%
44 Forward
1 - 77% - 60% - 1:32
2 - 23% - 40% - 0:27
44 Defense
1 - 72% - 60% - 1:26
2 - 28% - 40% - 0:33
Last Minute Offensive - 0:00
Last Minute Defensive - 0:00
Total
Forward - 60:00
Defense - 60:00
|
% Time on Ice - Wild
Lines # - Real PCT - Wanted PCT - Time Play
Normal Forward
1 - 33% - 40% - 16:18
2 - 28% - 30% - 13:57
3 - 22% - 20% - 10:49
4 - 17% - 10% - 8:22
Normal Defense
1 - 40% - 40% - 19:43
2 - 33% - 30% - 16:20
3 - 23% - 20% - 11:32
4 - 4% - 10% - 1:51
PP Forward
1 - 58% - 60% - 2:26
2 - 42% - 40% - 1:46
PP Defense
1 - 63% - 60% - 2:39
2 - 37% - 40% - 1:33
PK Forward
1 - 100% - 60% - 4:23
2 - 0% - 40% - 0:00
PK Defense
1 - 67% - 60% - 2:55
2 - 33% - 40% - 1:28
PK3 Forward
1 - 0% - 60%
2 - 0% - 40%
PK3 Defense
1 - 0% - 60%
2 - 0% - 40%
44 Forward
1 - 72% - 60% - 1:26
2 - 28% - 40% - 0:33
44 Defense
1 - 62% - 60% - 1:14
2 - 38% - 40% - 0:45
Last Minute Offensive - 0:00
Last Minute Defensive - 0:00
Total
Forward - 60:00
Defense - 60:00
|
Play by Play
1st period
0:01 of 1st period - Chris Drury wins face-off versus Jason Spezza in neutral zone.
1:32 of 1st period - Mark Eaton is hit by Rick Nash.
2:42 of 1st period - Snap shot by Lubos Bartecko.
2:42 of 1st period - Stopped by Martin Brodeur with a rebound.
2:46 of 1st period - Snap shot by Lubos Bartecko.
2:46 of 1st period - Shot Misses the Net.
3:04 of 1st period - Snap shot by Glen Metropolit.
3:04 of 1st period - Shot Misses the Net.
3:06 of 1st period - Slapshot by Mike Green.
3:06 of 1st period - Shot Blocked by Maxim Kondratiev.
3:33 of 1st period - Nathan Horton is hit by Anson Carter and loses puck.
4:36 of 1st period - Shea Weber is hit by Mark Eaton and loses puck.
5:05 of 1st period - Slapshot by Shea Weber.
5:05 of 1st period - Stopped by Martin Brodeur with a rebound.
5:07 of 1st period - Snap shot by Nathan Horton.
5:07 of 1st period - Shot Blocked by Mike Green.
5:43 of 1st period - Wrist shot by Glen Metropolit.
5:43 of 1st period - Stopped by Jonathan Quick without a rebound.
5:44 of 1st period - Mike Richards wins face-off versus Glen Metropolit in Red Wings zone.
5:53 of 1st period - Wrist shot by Fredrik Modin.
5:53 of 1st period - Stopped by Jonathan Quick without a rebound.
5:54 of 1st period - Mike Richards wins face-off versus Chris Drury in Red Wings zone.
5:54 of 1st period - Mike Richards is hit by Fedor Tyutin.
6:06 of 1st period - Wrist shot by Chris Drury.
6:06 of 1st period - Shot Misses the Net.
6:47 of 1st period - Snap shot by Rick Nash.
6:47 of 1st period - Stopped by Martin Brodeur with a rebound.
6:49 of 1st period - Wrist shot by Rick Nash.
6:49 of 1st period - Deflect By R.J. Umberger.
6:49 of 1st period - Shot Misses the Net.
6:49 of 1st period - Puck is out of play.
6:50 of 1st period - Chris Drury wins face-off versus Jason Spezza in Wild zone.
6:55 of 1st period - Rick Nash is hit by Chris Drury and loses puck.
7:26 of 1st period - Wrist shot by R.J. Umberger.
7:26 of 1st period - Stopped by Jonathan Quick with a rebound.
7:28 of 1st period - Slapshot by R.J. Umberger.
7:28 of 1st period - Deflect By Shea Weber.
7:28 of 1st period - Stopped by Jonathan Quick with a rebound.
7:42 of 1st period - Shea Weber is hit by Brian Rolston and loses puck.
8:01 of 1st period - Wrist shot by Rick Nash.
8:01 of 1st period - Stopped by Martin Brodeur with a rebound.
8:03 of 1st period - Wrist shot by Maxim Kondratiev.
8:03 of 1st period - Stopped by Martin Brodeur without a rebound.
8:04 of 1st period - Rick Nash wins face-off versus Chris Drury in Wild zone.
8:29 of 1st period - R.J. Umberger is hit by Glen Murray and loses puck.
8:34 of 1st period - Snap shot by Mike Richards.
8:34 of 1st period - Stopped by Martin Brodeur with a rebound.
8:52 of 1st period - Slapshot by Vaclav Prospal.
8:52 of 1st period - Goal by Vaclav Prospal - Red Wings : 0 - Wild : 1.
8:53 of 1st period - Chris Drury wins face-off versus Jason Spezza in neutral zone.
9:04 of 1st period - Snap shot by Martin Havlat.
9:04 of 1st period - Stopped by Martin Brodeur with a rebound.
9:06 of 1st period - Wrist shot by Paul Martin.
9:06 of 1st period - Shot Blocked by Fedor Tyutin.
9:08 of 1st period - Wrist shot by Martin Havlat.
9:08 of 1st period - Deflect By Jason Spezza.
9:08 of 1st period - Shot Misses the Net.
9:08 of 1st period - Puck is out of play.
9:09 of 1st period - Anson Carter wins face-off versus Mike Richards in Wild zone.
9:18 of 1st period - Slapshot by Anson Carter.
9:18 of 1st period - Stopped by Jonathan Quick with a rebound.
9:55 of 1st period - Off-side.
9:56 of 1st period - Rod Brind'Amour wins face-off versus Nathan Horton in neutral zone.
9:58 of 1st period - Off-side.
9:59 of 1st period - Shawn Horcoff wins face-off versus Rod Brind'Amour in neutral zone.
10:04 of 1st period - Snap shot by Shawn Horcoff.
10:04 of 1st period - Shot Misses the Net.
10:06 of 1st period - Slapshot by Shawn Horcoff.
10:06 of 1st period - Stopped by Martin Brodeur without a rebound.
10:07 of 1st period - Jason Spezza wins face-off versus Chris Drury in Wild zone.
10:42 of 1st period - Snap shot by Sean Bergenheim.
10:42 of 1st period - Deflect By Glen Murray.
10:42 of 1st period - Shot Blocked by Nathan Dempsey.
10:42 of 1st period - Puck is out of play.
10:43 of 1st period - Mike Richards wins face-off versus Vaclav Prospal in Wild zone.
10:44 of 1st period - Snap shot by Sean Bergenheim.
10:44 of 1st period - Stopped by Martin Brodeur with a rebound.
10:46 of 1st period - Slapshot by Shea Weber.
10:46 of 1st period - Shot Blocked by Mark Eaton.
10:48 of 1st period - Snap shot by Glen Murray.
10:48 of 1st period - Stopped by Martin Brodeur without a rebound.
10:49 of 1st period - Anson Carter wins face-off versus Mike Richards in Wild zone.
10:54 of 1st period - Snap shot by Anson Carter.
10:54 of 1st period - Shot Blocked by Shea Weber.
11:41 of 1st period - Wrist shot by Chris Higgins.
11:41 of 1st period - Shot Misses the Net.
11:47 of 1st period - Mike Green is hit by Nathan Horton and loses puck.
12:08 of 1st period - Alexander Perezhogin is hit by Paul Martin and loses puck.
12:42 of 1st period - Icing by Paul Martin.
12:43 of 1st period - Jason Spezza wins face-off versus Vaclav Prospal in Red Wings zone.
12:50 of 1st period - Snap shot by Jason Spezza.
12:50 of 1st period - Shot Misses the Net.
13:08 of 1st period - Wrist shot by Nathan Horton.
13:08 of 1st period - Shot Misses the Net.
13:50 of 1st period - Slapshot by Kim Johnsson.
13:50 of 1st period - Shot Blocked by Shane Hnidy.
14:10 of 1st period - Snap shot by Martin Havlat.
14:10 of 1st period - Shot Misses the Net.
14:12 of 1st period - Snap shot by Martin Havlat.
14:12 of 1st period - Stopped by Martin Brodeur with a rebound.
14:14 of 1st period - Wrist shot by Martin Havlat.
14:14 of 1st period - Stopped by Martin Brodeur without a rebound.
14:15 of 1st period - Chris Drury wins face-off versus Jason Spezza in Wild zone.
15:19 of 1st period - Minor Penalty to Maxim Kondratiev for Tripping.
15:20 of 1st period - Chris Drury wins face-off versus Martin Havlat in Red Wings zone.
15:21 of 1st period - Snap shot by Jozef Stumpel.
15:21 of 1st period - Goal by Jozef Stumpel - Red Wings : 0 - Wild : 2.
15:22 of 1st period - Jason Spezza wins face-off versus Chris Drury in neutral zone.
15:49 of 1st period - Sean Bergenheim is hit by Nathan Dempsey and loses puck.
15:56 of 1st period - Slapshot by Glen Murray.
15:56 of 1st period - Shot Misses the Net.
16:15 of 1st period - Snap shot by Nathan Horton.
16:15 of 1st period - Stopped by Martin Brodeur with a rebound.
16:42 of 1st period - Icing by Shea Weber.
16:43 of 1st period - Rick Nash wins face-off versus Chris Drury in Red Wings zone.
17:30 of 1st period - Snap shot by Glen Murray.
17:30 of 1st period - Stopped by Martin Brodeur without a rebound.
17:31 of 1st period - Mike Richards wins face-off versus Vaclav Prospal in Wild zone.
17:32 of 1st period - Snap shot by Glen Murray.
17:32 of 1st period - Goal by Glen Murray - Red Wings : 1 - Wild : 2.
17:33 of 1st period - Jason Spezza wins face-off versus Chris Drury in neutral zone.
17:58 of 1st period - Glen Murray is hit by R.J. Umberger.
18:26 of 1st period - Chris Higgins is hit by Nathan Horton and loses puck.
18:49 of 1st period - Alex Picard is hit by Alexander Perezhogin and loses puck.
18:53 of 1st period - Icing by Christian Backman.
18:54 of 1st period - Chris Drury wins face-off versus Brian Sutherby in Red Wings zone.
18:59 of 1st period - Slapshot by Chris Drury.
18:59 of 1st period - Shot Misses the Net.
19:05 of 1st period - Christian Laflamme is hit by Chris Drury.
19:13 of 1st period - Wrist shot by Brian Sutherby.
19:13 of 1st period - Stopped by Martin Brodeur without a rebound.
19:14 of 1st period - Vaclav Prospal wins face-off versus Jason Spezza in Wild zone.
19:21 of 1st period - Slapshot by Nathan Dempsey.
19:21 of 1st period - Stopped by Jonathan Quick without a rebound.
19:22 of 1st period - Jason Spezza wins face-off versus Vaclav Prospal in Red Wings zone.
19:27 of 1st period - Nathan Dempsey is hit by Rick Nash and loses puck.
2nd period
0:01 of 2nd period - Chris Drury wins face-off versus Glen Murray in neutral zone.
0:34 of 2nd period - Wrist shot by Martin Havlat.
0:34 of 2nd period - Stopped by Martin Brodeur with a rebound.
0:36 of 2nd period - Snap shot by Kim Johnsson.
0:36 of 2nd period - Stopped by Martin Brodeur with a rebound.
0:38 of 2nd period - Wrist shot by Rick Nash.
0:38 of 2nd period - Shot Misses the Net.
1:16 of 2nd period - Snap shot by Nathan Horton.
1:16 of 2nd period - Shot Misses the Net.
1:22 of 2nd period - Wrist shot by Chris Higgins.
1:22 of 2nd period - Shot Misses the Net.
1:29 of 2nd period - Icing by Shea Weber.
1:30 of 2nd period - Chris Drury wins face-off versus Shawn Horcoff in Red Wings zone.
1:43 of 2nd period - Snap shot by Jozef Stumpel.
1:43 of 2nd period - Shot Misses the Net.
1:57 of 2nd period - Wrist shot by Glen Metropolit.
1:57 of 2nd period - Stopped by Jonathan Quick without a rebound.
1:58 of 2nd period - Mike Richards wins face-off versus Glen Metropolit in Red Wings zone.
2:15 of 2nd period - Sean Bergenheim is hit by Niclas Wallin and loses puck.
3:02 of 2nd period - Snap shot by Mike Richards.
3:02 of 2nd period - Stopped by Martin Brodeur with a rebound.
3:10 of 2nd period - Wrist shot by Sean Bergenheim.
3:10 of 2nd period - Shot Blocked by Shane Hnidy.
3:12 of 2nd period - Snap shot by Sean Bergenheim.
3:12 of 2nd period - Stopped by Martin Brodeur with a rebound.
3:39 of 2nd period - Snap shot by Sean Bergenheim.
3:39 of 2nd period - Shot Hit the Post.
3:41 of 2nd period - Wrist shot by Mike Richards.
3:41 of 2nd period - Deflect By Glen Murray.
3:41 of 2nd period - Shot Hit the Post.
3:41 of 2nd period - Puck is out of play.
3:42 of 2nd period - Chris Drury wins face-off versus Jason Spezza in Wild zone.
3:42 of 2nd period - Minor Penalty to Christian Laflamme for Holding.
3:43 of 2nd period - Jason Spezza wins face-off versus Chris Drury in Red Wings zone.
4:17 of 2nd period - Wrist shot by Mike Green.
4:17 of 2nd period - Shot Blocked by Maxim Kondratiev.
4:19 of 2nd period - Slapshot by Vaclav Prospal.
4:19 of 2nd period - Shot Blocked by Shea Weber.
5:23 of 2nd period - Alexei Kovalev is hit by Martin Havlat and loses puck.
5:42 of 2nd period - Penalty to Christian Laflamme is over, Christian Laflamme is back on ice.
5:54 of 2nd period - Snap shot by Shawn Horcoff.
5:54 of 2nd period - Deflect By Christian Laflamme.
5:54 of 2nd period - Stopped by Martin Brodeur with a rebound.
6:40 of 2nd period - Wrist shot by Sean Bergenheim.
6:40 of 2nd period - Deflect By Mark Eaton.
6:40 of 2nd period - Shot Misses the Net.
6:40 of 2nd period - Puck is out of play.
6:41 of 2nd period - Brian Sutherby wins face-off versus Chris Higgins in Wild zone.
7:13 of 2nd period - Alexei Kovalev is hit by Glen Murray.
7:30 of 2nd period - Mark Eaton is hit by Rick Nash and loses puck.
7:45 of 2nd period - Maxim Kondratiev is hit by Anson Carter and loses puck.
8:05 of 2nd period - Rod Brind'Amour is hit by Alex Picard and loses puck.
8:34 of 2nd period - Jozef Stumpel is hit by Mike Richards and loses puck.
8:45 of 2nd period - Shea Weber is hit by Nathan Dempsey and loses puck.
9:11 of 2nd period - Brian Rolston is hit by Nathan Horton and loses puck.
9:35 of 2nd period - Slapshot by Rod Brind'Amour.
9:35 of 2nd period - Goal by Rod Brind'Amour - Red Wings : 1 - Wild : 3.
9:36 of 2nd period - Jason Spezza wins face-off versus Chris Drury in neutral zone.
10:32 of 2nd period - Snap shot by Glen Metropolit.
10:32 of 2nd period - Stopped by Jonathan Quick with a rebound.
10:41 of 2nd period - Snap shot by Glen Metropolit.
10:41 of 2nd period - Shot Blocked by Kim Johnsson.
10:48 of 2nd period - Minor Penalty to Brian Rolston for Roughing.
10:48 of 2nd period - Minor Penalty to Kim Johnsson for Slashing.
10:49 of 2nd period - Chris Drury wins face-off versus Jason Spezza in Red Wings zone.
10:53 of 2nd period - Icing by Paul Martin.
10:54 of 2nd period - Jason Spezza wins face-off versus Chris Drury in Red Wings zone.
11:05 of 2nd period - Jozef Stumpel is hit by Jason Spezza and loses puck.
11:39 of 2nd period - Off-side.
11:40 of 2nd period - Mike Richards wins face-off versus Vaclav Prospal in neutral zone.
11:47 of 2nd period - Wrist shot by Sean Bergenheim.
11:47 of 2nd period - Deflect By Mike Richards.
11:47 of 2nd period - Stopped by Martin Brodeur with a rebound.
11:49 of 2nd period - Snap shot by Mike Richards.
11:49 of 2nd period - Shot Misses the Net.
11:51 of 2nd period - Slapshot by Maxim Kondratiev.
11:51 of 2nd period - Shot Blocked by Nathan Dempsey.
11:53 of 2nd period - Snap shot by Sean Bergenheim.
11:53 of 2nd period - Stopped by Martin Brodeur with a rebound.
11:55 of 2nd period - Wrist shot by Sean Bergenheim.
11:55 of 2nd period - Shot Misses the Net.
12:29 of 2nd period - Chris Drury is hit by Paul Martin and loses puck.
12:41 of 2nd period - Icing by Nathan Horton.
12:42 of 2nd period - Chris Higgins wins face-off versus Jason Spezza in Red Wings zone.
12:43 of 2nd period - Slapshot by Nathan Dempsey.
12:43 of 2nd period - Shot Misses the Net.
12:48 of 2nd period - Penalty to Brian Rolston is over, Brian Rolston is back on ice.
12:48 of 2nd period - Penalty to Kim Johnsson is over, Kim Johnsson is back on ice.
13:05 of 2nd period - Slapshot by Kim Johnsson.
13:05 of 2nd period - Shot Misses the Net.
13:07 of 2nd period - Wrist shot by Kim Johnsson.
13:07 of 2nd period - Stopped by Martin Brodeur without a rebound.
13:08 of 2nd period - Vaclav Prospal wins face-off versus Mike Richards in Wild zone.
13:35 of 2nd period - Chris Drury is hit by Shea Weber and loses puck.
13:39 of 2nd period - Minor Penalty to Jozef Stumpel for Holding.
13:40 of 2nd period - Jason Spezza wins face-off versus Chris Drury in Wild zone.
13:43 of 2nd period - Wrist shot by Jason Spezza.
13:43 of 2nd period - Deflect By Martin Havlat.
13:43 of 2nd period - Shot Misses the Net.
13:43 of 2nd period - Puck is out of play.
13:44 of 2nd period - Brian Rolston wins face-off versus Jason Spezza in Wild zone.
13:53 of 2nd period - Wrist shot by Chris Drury.
13:53 of 2nd period - Shot Misses the Net.
14:11 of 2nd period - Slapshot by Mike Green.
14:11 of 2nd period - Shot Blocked by Paul Martin.
15:39 of 2nd period - Penalty to Jozef Stumpel is over, Jozef Stumpel is back on ice.
15:47 of 2nd period - Snap shot by Vaclav Prospal.
15:47 of 2nd period - Shot Misses the Net.
15:55 of 2nd period - Snap shot by Anson Carter.
15:55 of 2nd period - Shot Blocked by Shawn Horcoff.
16:20 of 2nd period - Shane Hnidy is hit by Lubos Bartecko and loses puck.
17:11 of 2nd period - Wrist shot by Jozef Stumpel.
17:11 of 2nd period - Stopped by Jonathan Quick with a rebound.
17:14 of 2nd period - Icing by Kim Johnsson.
17:15 of 2nd period - Jason Spezza wins face-off versus Vaclav Prospal in Red Wings zone.
17:15 of 2nd period - Jason Spezza is hit by Anson Carter.
18:05 of 2nd period - Wrist shot by Chris Drury.
18:05 of 2nd period - Shot Blocked by Sean Bergenheim.
18:07 of 2nd period - Slapshot by Alexei Kovalev.
18:07 of 2nd period - Shot Misses the Net.
18:09 of 2nd period - Snap shot by Jozef Stumpel.
18:09 of 2nd period - Stopped by Jonathan Quick without a rebound.
18:10 of 2nd period - Shawn Horcoff wins face-off versus Jozef Stumpel in Red Wings zone.
18:15 of 2nd period - Mark Eaton is hit by Peter Schaefer and loses puck.
18:28 of 2nd period - Christian Laflamme is hit by Fedor Tyutin and loses puck.
18:45 of 2nd period - Snap shot by Martin Havlat.
18:45 of 2nd period - Deflect By R.J. Umberger.
18:45 of 2nd period - Stopped by Martin Brodeur with a rebound.
19:07 of 2nd period - Fedor Tyutin is hit by Maxim Kondratiev and loses puck.
19:40 of 2nd period - Wrist shot by Maxim Kondratiev.
19:40 of 2nd period - Stopped by Martin Brodeur without a rebound.
19:41 of 2nd period - Chris Drury wins face-off versus Shawn Horcoff in Wild zone.
19:46 of 2nd period - Nathan Horton is hit by Jozef Stumpel and loses puck.
3rd period
0:01 of 3rd period - Jason Spezza wins face-off versus Chris Drury in neutral zone.
0:06 of 3rd period - Icing by Mike Green.
0:07 of 3rd period - Chris Drury wins face-off versus Jason Spezza in Wild zone.
0:30 of 3rd period - Wrist shot by Alexei Kovalev.
0:30 of 3rd period - Goal by Alexei Kovalev - Red Wings : 1 - Wild : 4.
0:30 of 3rd period - Robert Esche enters game.
0:31 of 3rd period - Chris Drury wins face-off versus Jason Spezza in neutral zone.
0:48 of 3rd period - Off-side.
0:49 of 3rd period - Mike Richards wins face-off versus Vaclav Prospal in neutral zone.
0:54 of 3rd period - Snap shot by Glen Murray.
0:54 of 3rd period - Stopped by Martin Brodeur without a rebound.
0:55 of 3rd period - Vaclav Prospal wins face-off versus Mike Richards in Wild zone.
0:55 of 3rd period - Vaclav Prospal is hit by Glen Murray.
1:18 of 3rd period - Minor Penalty to Nathan Dempsey for Tripping.
1:19 of 3rd period - Jason Spezza wins face-off versus Chris Drury in Wild zone.
1:20 of 3rd period - Wrist shot by Martin Havlat.
1:20 of 3rd period - Goal by Martin Havlat - Red Wings : 2 - Wild : 4.
1:21 of 3rd period - Jason Spezza wins face-off versus Chris Drury in neutral zone.
1:34 of 3rd period - Slapshot by Jason Spezza.
1:34 of 3rd period - Shot Misses the Net.
1:36 of 3rd period - Wrist shot by Rick Nash.
1:36 of 3rd period - Shot Misses the Net.
1:46 of 3rd period - Glen Murray is hit by Vaclav Prospal and loses puck.
2:23 of 3rd period - Fedor Tyutin is hit by Alex Picard and loses puck.
2:29 of 3rd period - Minor Penalty to Shea Weber for Hooking.
2:30 of 3rd period - Chris Drury wins face-off versus Jason Spezza in Red Wings zone.
2:39 of 3rd period - Slapshot by Alexei Kovalev.
2:39 of 3rd period - Stopped by Robert Esche with a rebound.
3:37 of 3rd period - Alex Picard is hit by Vaclav Prospal.
4:29 of 3rd period - Penalty to Shea Weber is over, Shea Weber is back on ice.
4:29 of 3rd period - Jozef Stumpel is hit by Shawn Horcoff and loses puck.
5:04 of 3rd period - Snap shot by Alexander Perezhogin.
5:04 of 3rd period - Deflect By Glen Metropolit.
5:04 of 3rd period - Stopped by Robert Esche without a rebound.
5:05 of 3rd period - Shawn Horcoff wins face-off versus Rod Brind'Amour in Red Wings zone.
5:30 of 3rd period - Peter Schaefer is hit by Mike Green and loses puck.
5:53 of 3rd period - Mark Eaton is hit by Maxim Kondratiev and loses puck.
6:38 of 3rd period - Kim Johnsson is hit by Rod Brind'Amour and loses puck.
7:15 of 3rd period - Glen Murray is hit by Vaclav Prospal and loses puck.
7:24 of 3rd period - Snap shot by R.J. Umberger.
7:24 of 3rd period - Shot Blocked by Christian Backman.
7:26 of 3rd period - Wrist shot by R.J. Umberger.
7:26 of 3rd period - Shot Misses the Net.
7:28 of 3rd period - Wrist shot by Vaclav Prospal.
7:28 of 3rd period - Shot Blocked by Glen Murray.
7:30 of 3rd period - Wrist shot by R.J. Umberger.
7:30 of 3rd period - Stopped by Robert Esche without a rebound.
7:31 of 3rd period - Jason Spezza wins face-off versus Chris Drury in Red Wings zone.
7:38 of 3rd period - Snap shot by Jozef Stumpel.
7:38 of 3rd period - Stopped by Robert Esche without a rebound.
7:39 of 3rd period - Jozef Stumpel wins face-off versus Jason Spezza in Red Wings zone.
7:42 of 3rd period - Snap shot by Chris Drury.
7:42 of 3rd period - Shot Misses the Net.
7:44 of 3rd period - Wrist shot by Alexei Kovalev.
7:44 of 3rd period - Shot Misses the Net.
7:46 of 3rd period - Snap shot by Jozef Stumpel.
7:46 of 3rd period - Shot Blocked by Kim Johnsson.
7:48 of 3rd period - Slapshot by Fedor Tyutin.
7:48 of 3rd period - Shot Misses the Net.
7:50 of 3rd period - Slapshot by Mark Eaton.
7:50 of 3rd period - Stopped by Robert Esche with a rebound.
8:26 of 3rd period - Peter Schaefer is hit by Vaclav Prospal and loses puck.
9:11 of 3rd period - Wrist shot by Rick Nash.
9:11 of 3rd period - Shot Misses the Net.
9:54 of 3rd period - Off-side.
9:55 of 3rd period - Jason Spezza wins face-off versus Chris Drury in neutral zone.
10:03 of 3rd period - Icing by Jozef Stumpel.
10:04 of 3rd period - Jason Spezza wins face-off versus Chris Drury in Wild zone.
10:19 of 3rd period - Snap shot by Alexei Kovalev.
10:19 of 3rd period - Shot Misses the Net.
10:51 of 3rd period - Christian Backman is hit by Nathan Dempsey and loses puck.
11:04 of 3rd period - Mike Green is hit by Martin Havlat and loses puck.
11:12 of 3rd period - Off-side.
11:13 of 3rd period - Mike Richards wins face-off versus Vaclav Prospal in neutral zone.
11:29 of 3rd period - Wrist shot by R.J. Umberger.
11:29 of 3rd period - Deflect By Vaclav Prospal.
11:29 of 3rd period - Goal by Vaclav Prospal - Red Wings : 2 - Wild : 5.
11:30 of 3rd period - Vaclav Prospal wins face-off versus Mike Richards in neutral zone.
11:55 of 3rd period - Rod Brind'Amour is hit by Peter Schaefer.
11:59 of 3rd period - Slapshot by Fedor Tyutin.
11:59 of 3rd period - Deflect By Shawn Horcoff.
11:59 of 3rd period - Stopped by Robert Esche with a rebound.
12:03 of 3rd period - Wrist shot by Chris Higgins.
12:03 of 3rd period - Shot Blocked by Paul Martin.
12:05 of 3rd period - Wrist shot by Chris Higgins.
12:05 of 3rd period - Stopped by Robert Esche with a rebound.
12:19 of 3rd period - Snap shot by Nathan Horton.
12:19 of 3rd period - Stopped by Martin Brodeur without a rebound.
12:20 of 3rd period - Jason Spezza wins face-off versus Chris Drury in Wild zone.
12:22 of 3rd period - Minor Penalty to Rick Nash for Hooking.
12:23 of 3rd period - Chris Drury wins face-off versus Martin Havlat in Red Wings zone.
12:32 of 3rd period - Slapshot by Alexei Kovalev.
12:32 of 3rd period - Deflect By Chris Drury.
12:32 of 3rd period - Stopped by Robert Esche with a rebound.
12:34 of 3rd period - Wrist shot by Jozef Stumpel.
12:34 of 3rd period - Goal by Jozef Stumpel - Red Wings : 2 - Wild : 6.
12:35 of 3rd period - Chris Drury wins face-off versus Jason Spezza in neutral zone.
13:43 of 3rd period - Wrist shot by Lubos Bartecko.
13:43 of 3rd period - Stopped by Martin Brodeur with a rebound.
13:45 of 3rd period - Backhand shot by Brian Sutherby.
13:45 of 3rd period - Deflect By Chris Higgins.
13:45 of 3rd period - Shot Misses the Net.
13:45 of 3rd period - Puck is out of play.
13:46 of 3rd period - Brian Sutherby wins face-off versus Jozef Stumpel in Wild zone.
13:49 of 3rd period - Snap shot by Brian Sutherby.
13:49 of 3rd period - Shot Blocked by Jozef Stumpel.
13:51 of 3rd period - Wrist shot by Shea Weber.
13:51 of 3rd period - Shot Blocked by Niclas Wallin.
13:53 of 3rd period - Slapshot by Maxim Kondratiev.
13:53 of 3rd period - Shot Blocked by Niclas Wallin.
14:13 of 3rd period - Maxim Kondratiev is hit by Anson Carter and loses puck.
14:20 of 3rd period - Snap shot by R.J. Umberger.
14:20 of 3rd period - Stopped by Robert Esche with a rebound.
14:22 of 3rd period - Backhand shot by Nathan Dempsey.
14:22 of 3rd period - Shot Blocked by Shea Weber.
14:24 of 3rd period - Slapshot by Nathan Dempsey.
14:24 of 3rd period - Stopped by Robert Esche with a rebound.
14:36 of 3rd period - Snap shot by Glen Murray.
14:36 of 3rd period - Shot Misses the Net.
15:39 of 3rd period - Vaclav Prospal is hit by Paul Martin and loses puck.
15:57 of 3rd period - Sean Bergenheim is hit by Mike Green and loses puck.
16:20 of 3rd period - Wrist shot by Shawn Horcoff.
16:20 of 3rd period - Shot Misses the Net.
16:38 of 3rd period - Chris Drury is hit by Martin Havlat and loses puck.
16:48 of 3rd period - Icing by Shane Hnidy.
16:49 of 3rd period - Mike Richards wins face-off versus Jozef Stumpel in Wild zone.
16:49 of 3rd period - Minor Penalty to Jozef Stumpel for Holding.
16:50 of 3rd period - Chris Drury wins face-off versus Jason Spezza in Wild zone.
17:01 of 3rd period - Brian Rolston is hit by Kim Johnsson.
17:05 of 3rd period - Slapshot by Jason Spezza.
17:05 of 3rd period - Shot Misses the Net.
17:38 of 3rd period - Off-side.
17:39 of 3rd period - Mike Richards wins face-off versus Glen Metropolit in neutral zone.
17:41 of 3rd period - Off-side.
17:42 of 3rd period - Glen Metropolit wins face-off versus Mike Richards in neutral zone.
17:49 of 3rd period - Snap shot by Chris Higgins.
17:49 of 3rd period - Shot Misses the Net.
17:51 of 3rd period - Snap shot by Glen Metropolit.
17:51 of 3rd period - Shot Misses the Net.
17:53 of 3rd period - Snap shot by Mark Eaton.
17:53 of 3rd period - Shot Misses the Net.
18:41 of 3rd period - Snap shot by Rick Nash.
18:41 of 3rd period - Shot Misses the Net.
18:49 of 3rd period - Penalty to Jozef Stumpel is over, Jozef Stumpel is back on ice.
19:02 of 3rd period - Minor Penalty to Vaclav Prospal for Interference.
19:03 of 3rd period - Jason Spezza wins face-off versus Chris Drury in Wild zone.
19:10 of 3rd period - Snap shot by Jason Spezza.
19:10 of 3rd period - Goal by Jason Spezza - Red Wings : 3 - Wild : 6.
19:11 of 3rd period - Chris Drury wins face-off versus Jason Spezza in neutral zone.
19:38 of 3rd period - Sean Bergenheim is hit by Anson Carter and loses puck.
19:43 of 3rd period - Wrist shot by Vaclav Prospal.
19:43 of 3rd period - Goal by Vaclav Prospal - Red Wings : 3 - Wild : 7.
19:44 of 3rd period - Chris Drury wins face-off versus Jason Spezza in neutral zone.
19:44 of 3rd period - Jozef Stumpel and Martin Havlat fight to a draw.
19:44 of 3rd period - Penalty to Jozef Stumpel for Fighting.
19:44 of 3rd period - Penalty to Martin Havlat for Fighting.
19:44 of 3rd period - Penalty to Jozef Stumpel for instigated a fight.
19:44 of 3rd period - Penalty to Jozef Stumpel for instigated a fight.
19:45 of 3rd period - Chris Drury wins face-off versus Jason Spezza in neutral zone.
19:54 of 3rd period - Backhand shot by Mike Green.
19:54 of 3rd period - Shot Misses the Net.
19:56 of 3rd period - Wrist shot by Chris Drury.
19:56 of 3rd period - Shot Blocked by Kim Johnsson.
19:58 of 3rd period - Slapshot by Mike Green.
19:58 of 3rd period - Shot Blocked by Paul Martin.
Output by the SimonT Hockey Simulator (STHS) for François Prévost -- Original Page W3C XHTML 1.0 Valid